 Dungeon Crawl Stone Soup version 0.28.0-53-g5a82cb258f (webtiles) character file.

Game seed: 5025510303463532028

28 zdrol the Skirmisher (level 3, -6/33 HPs)
             Began as a Hill Orc Fighter on June 24, 2022.
             Killed by nerve-wracking pain
             ... invoked by Jessica
              (10 damage)
             ... on level 2 of the Dungeon.
             The game lasted 00:03:27 (1134 turns).

zdrol the Skirmisher (Hill Orc Fighter)             Turns: 1134, Time: 00:03:27

Health: -6/33      AC:  8    Str: 20    XL:     3   Next: 12%
Magic:  3/3        EV:  9    Int:  8    God:
Gold:   62         SH:  4    Dex: 10    Spells: 2/2 levels left

rFire   . . .      SeeInvis .   a - +0 war axe
rCold   . . .      Faith    .   c - +0 buckler
rNeg    . . .      Spirit   .   b - +0 scale mail
rPois   .          Reflect  .   (no helmet)
rElec   .          Harm     .   e - +0 cloak
rCorr   .          Rampage  .   (no gloves)
Will    .....                   (no boots)
Stlth   ..........              (no amulet)
HPRegen 0.11/turn               (no ring)
MPRegen 0.08/turn               (no ring)

@: no status effects
A: no striking features
a: no special abilities


You were on level 2 of the Dungeon.
You visited 1 branch of the dungeon, and saw 2 of its levels.

You collected 62 gold pieces.

Inventory:

Hand Weapons
 a - a +0 war axe (weapon)
Armour
 b - a +0 scale mail (worn)
 c - a +0 buckler (worn)
 e - a +0 cloak (worn)
Scrolls
 i - a scroll of identify {unknown}
 j - a scroll of torment {unknown}
Potions
 d - a potion of might
 f - a potion of mutation {unknown}
 g - a potion of invisibility {unknown}
 h - a potion of attraction {unknown}


   Skills:
 - Level 3.8 Fighting
 * Level 3.5 Axes
 - Level 3.4 Armour
 - Level 3.8 Shields


You had 2 spell levels left.
You didn't know any spells.
Your spell library was empty.

Dungeon Overview and Level Annotations

Branches:
Dungeon (2/15)

Altars:

Annotations:
D:2 Jessica


Message History

You slash the hobgoblin!
You kill the hobgoblin!
Jessica looks very angry.
You closely miss Jessica.
Jessica gestures wildly while chanting.
Jessica seems to speed up.
You barely miss Jessica. Jessica hits you with a +0 club.
Jessica mumbles some strange words.
Jessica blinks!
Unknown command.
You block Jessica's attack.
You barely miss Jessica. Jessica gestures at you while chanting.
Pain shoots through your body! Jessica barely misses you.
You hit Jessica.
Jessica is heavily wounded.
Jessica hits you but does no damage. x2
You hit Jessica.
Jessica is severely wounded.
You block Jessica's attack. Jessica hits you with a +0 club.
Jessica hits you but does no damage.
You hit Jessica.
Jessica is almost dead.
Jessica misses you. Jessica barely misses you.
You closely miss Jessica.
Jessica is almost dead.
Jessica hits you with a +0 club.
Jessica casts a spell.
Jessica blinks!
Jessica casts a spell.
Jessica blinks!
A kobold comes into view. It is wielding a +0 club.
Jessica shouts, "You are a ghastly nuisance!"
Jessica points at you and mumbles some strange words.
Pain shoots through your body!
* * * LOW HITPOINT WARNING * * *
Jessica hits you but does no damage.
Jessica points at you and mumbles some strange words.
Pain shoots through your body!
You die...

#...†.##....#.#
#######.......####
#.#.#.#.##.. .
#####.#.....##.# ..
#.........#.##.# ...
#.###.#..##.##.# K.
##.#>.##.##.##.##.#
)...........##.......########
#.##.......@@...#.#..........
####.#.#####.#.#.###.#####
..#^# ...... #..# ###.#
....#.###..# #.# .#.......[#
#. ..####.....# #.
#..........# #. #.#####.####
#.....#


You could see Jessica (fast).

Vanquished Creatures
  A dart slug (D:2)
  A ball python (D:1)
  3 bats (D:2)
  4 endoplasms
  4 goblins
  4 hobgoblins
  A kobold (D:1)
  A quokka (D:1)
  A frilled lizard (D:2)
  A rat (D:1)
21 creatures vanquished.

Notes
Turn   | Place    | Note
-------+----------+-------------------------------------------
     0 | D:1      | zdrol the Hill Orc Fighter began the quest for the Orb.
     0 | D:1      | Reached XP level 1. HP: 19/19 MP: 1/1
   147 | D:1      | Reached XP level 2. HP: 25/27 MP: 2/2
   993 | D:2      | Found a faded altar of an unknown god.
  1079 | D:2      | Reached XP level 3. HP: 32/33 MP: 3/3
  1098 | D:2      | Noticed Jessica
  1134 | D:2      | Killed from afar by Jessica

Illustrated notes

Levels and vault maps discovered:
D:1:      onia_arrival_mini_maze, layout_loops_cross, minivault_26,
          corexii_item_surrounded_by_moat, serial_park_tiny_pond,
          columned_hall_lemuel, amcnicky_mini_corridor_feature
D:2:      layout_loops_cross, basic_ecumenical_altar, uniq_crazy_yiuf_cottage,
          uniq_jessica

Skill      XL: |  1  2 |
---------------+-------+-----
Axes           | 3 |  3.5
Fighting       | |  3.8
Armour         | |  3.4
Shields        | |  3.8

Action                   || total
-------------------------++-------
Melee: War axe           ||    61
  Use: Scroll            ||     2
Armor: Scale mail        ||    34
Dodge: Dodged            ||    37
Block: Buckler           ||    22
